 Dungeon Crawl Stone Soup version 0.29-a0-234-g0dae59b3db (webtiles) character file.

Game seed: 18291616137398186649

187 shoop the Vexing (level 5, 0/26 HPs)
             Began as a Deep Elf Arcane Marksman on Mar 3, 2022.
             Succumbed to a kobold's poison
             ... on level 3 of the Dungeon.
             The game lasted 00:06:07 (4560 turns).

shoop the Vexing (Deep Elf Arcane Marksman)         Turns: 4560, Time: 00:06:08

Health: 0/26       AC:  7    Str:  7    XL:     5   Next: 39%
Magic:  10/10      EV: 13    Int: 20    God:
Gold:   165        SH:  0    Dex: 15    Spells: 4/8 levels left

rFire   . . .      SeeInvis +   a - +0 shortbow
rCold   + . .      Faith    .   (shield currently unavailable)
rNeg    . . .      Spirit   .   n - +1 robe {rC+}
rPois   .          Reflect  .   (no helmet)
rElec   .          Harm     .   (no cloak)
rCorr   .          Rampage  .   k - +1 pair of gloves
Will    +....                   r - +0 pair of boots
Stlth   ++........              (no amulet)
HPRegen 0.08/turn               p - ring of see invisible
MPRegen 0.12/turn               (no ring)

@: lethally poisoned (0 -> -7), hasted, very quick
A: frail 1, strong-willed 1, shaggy fur 1
a: no special abilities


You were on level 3 of the Dungeon.
You visited 1 branch of the dungeon, and saw 4 of its levels.

You collected 165 gold pieces.

Inventory:

Hand Weapons
 a - a +0 shortbow (weapon)
Armour
 b - a +0 robe
 i - a +0 pair of gloves
 k - a +1 pair of gloves (worn)
 n - a +1 robe of cold resistance (worn)
 r - a +0 pair of boots (worn)
Jewellery
 p - a ring of see invisible (left hand)
Wands
 u - a wand of flame (26)
Scrolls
 c - a scroll of silence {unknown}
 f - a scroll of fog {unknown}
 j - a scroll of enchant weapon {unknown}
 m - 2 scrolls of fear {unknown}
 o - 2 scrolls of identify {unknown}
 q - a scroll of vulnerability {unknown}
 s - a scroll of blinking {unknown}
 v - a scroll of immolation {unknown}
Potions
 d - a potion of heal wounds {unknown}
 e - 2 potions of mutation
 g - 2 potions of brilliance {unknown}
 h - 3 potions of haste
 l - a potion of might {unknown}
 t - a potion of curing {unknown}
 w - a potion of lignification {unknown}


   Skills:
 - Level 1.0 Fighting
 + Level 4.2 Bows
 - Level 3.0 Dodging
 - Level 3.0 Stealth
 + Level 2.2 Spellcasting
 * Level 4.4 Hexes
 + Level 2.1 Fire Magic
 - Level 2.0 Evocations


You had 4 spell levels left.
You knew the following spells:

 Your Spells              Type           Power      Damage    Failure   Level
a - Slow                  Hex            80%        N/A       2%          1
c - Inner Flame           Hex/Fire       15%        N/A       12%         3

Your spell library contained the following spells:

 Spells                   Type           Power      Damage    Failure   Level
 Portal Projectile        Hex/Tloc       22%        N/A       19%         3
 Cause Fear               Hex            10%        N/A       24%         4


Dungeon Overview and Level Annotations

Branches:
Dungeon (4/15)
 Temple: D:4-7

Altars:
Gozag
Okawaru
Vehumet

Annotations:
D:2 1 runed translucent door, Crazy Yiuf


Innate Abilities, Weirdness & Mutations

You are frail. (-10% HP)
You are strong-willed. (Will+)
You are covered in fur. (AC +1)


Message History

The arrow hits the kobold but does no damage.
An orc priest comes into view. It is wielding a +0 hand axe.
An orc priest comes into view. It is wielding a +0 dagger.
You shoot an arrow. The arrow closely misses the kobold.
The orc priest shouts!
An orc wizard comes into view. It is wielding a +0 dagger.
An adder comes into view.
You shoot an arrow. The orc wizard shouts!
The arrow hits the kobold but does no damage.
The kobold closely misses you.
The orc priest looks encouraged for a moment.
The orc priest mumbles some strange prayers to Beogh against you.
Beogh smites you!
Ouch! That really hurt!
You hear a shout!
There is a stone staircase leading up here.
The kobold hits you with a +0 dagger of venom.
You are poisoned.
You climb upwards.
* * * LOW HITPOINT WARNING * * *
You feel very sick.
There is a stone staircase leading down here.
Unknown command.
It was a potion of haste.
You feel yourself speed up.
* * * LOW HITPOINT WARNING * * *
You feel sick. The kobold hits you but does no damage.
You are more poisoned.
* * * LOW HITPOINT WARNING * * *
You feel sick.
* * * LOW HITPOINT WARNING * * *
You feel sick.
Press: ? - help, v - describe, . - travel
Here: a kobold, wielding a +0 dagger of venom The floor.
* * * LOW HITPOINT WARNING * * *
You feel sick.
It was a potion of mutation.
You feel extremely strange.
You feel frail.
You feel strong-willed. Fur sprouts all over your body.
You die...

#.#..#.###..........#.#.#.#
#.#..#.....#............#.#
#.#..###...............##.##
#.#..# ###.#...........##...
#.#..# #.........÷.....#####
##.#..###.###...........#
##.......†.# #...........#
#..#....##.###...........#
#.......##...@.K.........#
#...#...##.#.##.>...<....#
#........#.#.##.##.#.#####
#.#._.#..#.#.......#.#
#....................##
#...#....#.####.......#
#.......#..# #######.#
#....>..##.# #.#
###.#.###†.## #.#


You could see a kobold.

Vanquished Creatures
  4 gnolls (D:3)
  6 adders
  2 dart slugs
  6 orcs
  4 bats
  7 endoplasms
  4 giant cockroaches
  9 goblins
  5 hobgoblins
  5 jackals
  4 quokkas
  6 ball pythons
  8 frilled lizards
  8 kobolds
  2 rats
80 creatures vanquished.

Notes
Turn   | Place    | Note
-------+----------+-------------------------------------------
     0 | D:1      | shoop the Deep Elf Arcane Marksman began the quest for the
                  | Orb.
     0 | D:1      | Reached XP level 1. HP: 11/11 MP: 5/5
    29 | D:1      | Found a faded altar of an unknown god.
   255 | D:1      | Reached skill level 1 in Fighting
   391 | D:1      | Reached XP level 2. HP: 11/16 MP: 6/6
   495 | D:1      | Reached skill level 1 in Stealth
  1182 | D:1      | Reached XP level 3. HP: 20/20 MP: 8/8
  1754 | D:2      | Found an opulent altar of Gozag.
  2163 | D:2      | Learned a level 3 spell: Inner Flame
  2221 | D:2      | Reached XP level 4. HP: 13/25 MP: 9/9
  2377 | D:2      | Reached skill level 1 in Fire Magic
  2387 | D:2      | Identified the +4 hunting sling of the Pyrrhic Victory
                  | {freeze, Contam rElec Dex+5 SInv}
  2446 | D:2      | Found a runed translucent door.
  2447 | D:2      | Noticed Crazy Yiuf
  3059 | D:3      | Found an iron altar of Okawaru.
  3261 | D:3      | Found a radiant altar of Vehumet.
  3593 | D:2      | Reached skill level 1 in Evocations
  3806 | D:3      | Reached XP level 5. HP: 15/29 MP: 10/10
  4559 | D:3      | HP: 1/29 [poisoned by a kobold]
  4560 | D:3      | Gained mutation: You are frail. (-10% HP) [potion of
                  | mutation]
  4560 | D:3      | Gained mutation: You are strong-willed. (Will+) [potion of
                  | mutation]
  4560 | D:3      | Gained mutation: You are covered in fur. (AC +1) [potion of
                  | mutation]
  4560 | D:3      | Succumbed to a kobold's poison

Illustrated notes

Levels and vault maps discovered:
D:1:      kennysheep_arrival_forest, layout_loops_corners,
          hellmonk_ecumenical_altar_run_dry
D:2:      layout_basic, basic_altar, chequers_mini_garden,
          minmay_increasing_density, uniq_crazy_yiuf_cottage
D:3:      layout_loops_ring, okawaru_gym_becter, vehumet_altar_wand_db,
          serial_glass, glass_columns_a, glass_columns_a, kennysheep_crisscross
D:4:      layout_basic, mainiacjoe_overflow_catwalk, serial_glass,
          glass_columns_a, glass_columns_a

Skill      XL: |  1  2  3  4 |
---------------+-------------+-----
Fighting       | 1 |  1.0
Bows           | 3 4 |  4.2
Stealth        | 1 3 |  3.0
Spellcasting   | 2 |  2.2
Dodging        | 3 |  3.0
Fire Magic     | 2 |  2.1
Evocations     | 2 |  2.0
Hexes          | |  4.4

Action                   |  1- 3 |  4- 6 || total
-------------------------+-------+-------++-------
 Fire: Shortbow          |   115 |   143 ||   258
 Cast: Slow              |     3 |    14 ||    17
  Use: Potion            |       |     2 ||     2
Armor: Robe              |    10 |    23 ||    33
Dodge: Dodged            |    24 |    46 ||    70

Table legend: (Time is in decaauts)
 A = Elapsed time spent in this place.
 B = Non-inter-level travel time spent in this place.
 C = Inter-level travel time spent in this place.
 D = Time resting spent in this place.
 E = Time spent auto-exploring this place.
 F = Levels seen in this place.
 G = Mean time per level.
                   A        B        C        D        E       F      G
               +--------+--------+--------+--------+--------+-----+--------+
         Total |   4642 |   4436 |    206 |    333 |   3429 |   4 | 1160.5 |
       Dungeon |   4642 |   4436 |    206 |    333 |   3429 |   4 | 1160.5 |
               +--------+--------+--------+--------+--------+-----+--------+

Top non-repeatable levels by time:
     D:2: 1653 daAuts
     D:1: 1543 daAuts
     D:3: 1357 daAuts
     D:4: 87 daAuts
